[Event "Team 45 45 League T85"]
[Site "Internet Chess Club"]
[Date "2020.07.12"]
[Round "2"]
[White "aec7r3b"]
[Black "WillC"]
[Result "1-0"]
[WhiteElo "1499"]
[BlackElo "1571"]
[Opening "Scandinavian defense"]
[ECO "B01"]
[Time "13:05:10"]
[TimeControl "2700+45"]

1. e4 d5 2. exd5 Nf6 3. Bc4 Nxd5 4. Nc3 Nxc3 5. dxc3 Qxd1+ 6. Kxd1 Bg4+ 7. Nf3
Bxf3+ 8. gxf3 e6 9. Bf4 Bd6 10. Bg3 O-O 11. Rg1 Nc6 12. Ke2 Rad8 13. Bh4 Be7 14.
Bxe7 Nxe7 15. Rg2 Rd6 16. Rag1 g6 17. h4 h5 18. Rg5 Kh7 19. Bd3 Nf5 20. f4 Nxh4
21. Rxh5+ Kg7 22. Rxh4 c5 23. Rgh1 Rfd8 24. Rh7+ Kf6 25. Rh8 R8d7 26. Bb5 Rc7
27. Bc4 a6 28. a4 Rcd7 29. Bd3 Rc7 30. c4 Rd4 31. Ke3 Re7 32. Rc8 e5 33. fxe5+
Rxe5+ 34. Kd2 Rf4 35. Rf1 Kg5 36. Rg1+ Kf6 37. Rg2 g5 38. Rc7 b6 39. Rc6+ Re6
40. Rxe6+ fxe6 41. c3 e5 42. Ke3 Rh4 43. b4 Rh3+ 44. Rg3 Rh1 45. a5 cxb4 46.
axb6 bxc3 47. b7 Rh8 48. c5 Ke6 49. c6 Kd6 50. Be4 Re8 51. Rxg5 a5 52. Rg6+ Kc7
53. Rg7+ Kb6 54. c7 c2 55. b8=Q+ Rxb8 56. cxb8=Q+ {Black resigns} 1-0

[Event "Team 45 45 League T85"]
[Site "Internet Chess Club"]
[Date "2020.07.11"]
[Round "2"]
[White "mongmong"]
[Black "kabindra"]
[Result "0-1"]
[WhiteElo "1435"]
[BlackElo "1666"]
[Opening "Queen's pawn game"]
[ECO "D02"]
[Time "15:02:23"]
[TimeControl "2700+45"]

1. d4 d5 2. Nf3 Bf5 3. e3 e6 4. c4 Nc6 5. Bd2 Nf6 6. Qb3 Rb8 7. Nc3 Nb4 8. Rc1
Bd3 9. Be2 Bxe2 10. Nxe2 dxc4 11. Qxc4 b5 12. Qb3 a5 13. Bxb4 Bxb4+ 14. Nc3 Nd5
15. O-O a4 16. Qc2 Nxc3 17. bxc3 Ba3 18. Rb1 O-O 19. Qd3 c6 20. Ne5 Rc8 21. c4
Bd6 22. Nf3 b4 23. c5 Bxc5 24. Rfc1 Bd6 25. Rc4 c5 26. Rbc1 a3 27. Qc2 Rb8 28.
dxc5 Bc7 29. Qb3 Ba5 30. c6 Qc7 31. Nd4 Rfc8 32. h3 Qd6 33. c7 Rxc7 34. Rxc7
Bxc7 35. Nc6 Qh2+ {White resigns} 0-1

[Event "Team 45 45 League T85"]
[Site "Internet Chess Club"]
[Date "2020.07.11"]
[Round "2"]
[White "Toalla"]
[Black "g8wrb"]
[Result "1/2-1/2"]
[WhiteElo "1192"]
[BlackElo "1262"]
[Opening "Queen's pawn: Charlick (Englund) gambit"]
[ECO "A40"]
[Time "15:01:45"]
[TimeControl "2700+45"]

1. d4 e5 2. dxe5 Nc6 3. e4 Nxe5 4. Bf4 Qf6 5. Qd2 Bc5 6. Nc3 c6 7. Bxe5 Qxe5 8.
Nf3 Qd6 9. Qxd6 Bxd6 10. a3 Ne7 11. Bd3 O-O 12. O-O Bf4 13. g3 Bc7 14. Rad1 d6
15. Rfe1 Bg4 16. Be2 Rad8 17. Nd4 Bxe2 18. Rxe2 Ng6 19. Nf3 Rfe8 20. Rde1 Ba5
21. b4 Bb6 22. Na4 Bc7 23. c4 Ne5 24. Nxe5 dxe5 25. c5 Rd3 26. Re3 Red8 27. Kf1
R8d4 28. Rxd3 Rxd3 29. Re3 Rxe3 30. fxe3 Kf8 31. Ke2 Bd8 32. Kd3 Bg5 33. h4 Bd8
34. Nb2 Ke7 35. Nc4 Bc7 36. a4 Kf6 37. g4 Ke6 38. b5 h6 39. b6 axb6 40. cxb6 Bd8
41. h5 g6 42. a5 gxh5 43. gxh5 f6 44. Nb2 Kd6 45. Kc4 Be7 46. Nd3 {Game drawn by
mutual agreement} 1/2-1/2

[Event "Team 45 45 League T85"]
[Site "Internet Chess Club"]
[Date "2020.07.11"]
[Round "2"]
[White "seattleblues"]
[Black "Conjurer"]
[Result "0-1"]
[WhiteElo "1225"]
[BlackElo "1199"]
[Opening "Queen's pawn game"]
[ECO "E10"]
[Time "19:40:38"]
[TimeControl "2700+45"]

1. d4 Nf6 2. Nf3 e6 3. c4 c5 4. e3 Nc6 5. Nc3 cxd4 6. exd4 g6 7. Bg5 Bg7 8. Be2
O-O 9. O-O Qb6 10. Rb1 d6 11. Re1 e5 12. d5 Nd4 13. Bf1 Bg4 14. Be2 Bf5 15. Rc1
Ng4 16. Nxd4 exd4 17. Nb5 Ne5 18. Be7 d3 19. Bxf8 Rxf8 20. Qd2 dxe2 21. Rxe2 Ng4
22. Rf1 Bh6 23. Qd1 Ne5 24. Rfe1 Bg4 25. b3 Bxe2 26. Qxe2 a6 27. Nc3 f5 28. Na4
Qd4 29. Rd1 Qh4 30. Nc3 Ng4 31. h3 Ne5 32. Rf1 Qd4 33. Nd1 f4 34. Kh1 Rf5 35. f3
Qd3 36. Qf2 Rh5 37. Nb2 Qe3 38. Qe1 Nf7 39. Qb1 Bg7 40. Re1 Qf2 41. Re8+ Bf8 42.
Nd3 Qd4 43. Nb4 Re5 44. Nc2 Qd3 45. Rxe5 Nxe5 46. Qc1 Qc3 47. Qd1 Nd3 48. Kh2
Be7 49. Qe2 Ne5 50. Qe4 Qd2 51. a4 Bh4 52. Nd4 Bg3+ {White resigns} 0-1

[Event "Team 45 45 League T85"]
[Site "Internet Chess Club"]
[Date "2020.07.09"]
[Round "2"]
[White "WzeroMN"]
[Black "SeniorCitizen"]
[Result "1/2-1/2"]
[WhiteElo "1106"]
[BlackElo "1229"]
[Opening "French: exchange variation"]
[ECO "C01"]
[Time "14:07:57"]
[TimeControl "2700+45"]

1. e4 e6 2. d4 d5 3. exd5 exd5 4. Nf3 Nf6 5. Be2 Be7 6. O-O O-O 7. Bg5 Nbd7 8.
c4 c6 9. cxd5 Nxd5 10. Bxe7 Nxe7 11. Nc3 Nf6 12. Ne5 Be6 13. Bc4 Bd5 14. Bxd5
{Game drawn by mutual agreement} 1/2-1/2

[Event "Team 45 45 League T85"]
[Site "Internet Chess Club"]
[Date "2020.07.13"]
[Round "2"]
[White "noblitz-oblige"]
[Black "clarinetref"]
[Result "1-0"]
[WhiteElo "1484"]
[BlackElo "1416"]
[Opening "Pirc: classical, h3 system"]
[ECO "B06"]
[Time "20:03:59"]
[TimeControl "2700+45"]

1. e4 g6 2. d4 Bg7 3. Nf3 d6 4. h3 Nf6 5. Nc3 Nbd7 6. e5 dxe5 7. dxe5 Ng8 8. Bf4
e6 9. Bc4 Ne7 10. O-O O-O 11. Re1 Nb6 12. Bd3 Nbd5 13. Nxd5 Nxd5 14. Bd2 a5 15.
Qe2 c6 16. Rad1 Qc7 17. a3 b5 18. Nh2 Bd7 19. Ng4 c5 20. Bh6 c4 21. Be4 Bxh6 22.
Nxh6+ Kg7 23. Qd2 c3 24. bxc3 Qxc3 25. Qg5 f6 26. exf6+ Qxf6 27. Qd2 Bc6 28. Ng4
Qc3 29. Qxc3+ Nxc3 30. Bxc6 Rac8 31. Rd6 h5 32. Nh2 Rf6 33. Rexe6 Rxe6 34. Rxe6
Rd8 35. g4 Rd1+ 36. Kg2 hxg4 37. Nxg4 Rd2 38. Be8 Ne2 39. Rf6 Rxc2 40. Rf7+ Kh8
41. Nf6 Nf4+ 42. Kf3 Rc3+ 43. Kg4 {Black resigns} 1-0

[Event "Team 45 45 League T85"]
[Site "Internet Chess Club"]
[Date "2020.07.10"]
[Round "2"]
[White "sdcohle"]
[Black "chesskix"]
[Result "0-1"]
[WhiteElo "1256"]
[BlackElo "1454"]
[Opening "Sicilian: closed, 2...Nc6"]
[ECO "B23"]
[Time "17:02:22"]
[TimeControl "2700+45"]

1. e4 c5 2. Nc3 Nc6 3. d3 e6 4. f4 Be7 5. g3 Nd4 6. Bg2 Rb8 7. Be3 a6 8. Nge2
Nxe2 9. Nxe2 b5 10. O-O Bb7 11. d4 Qc7 12. d5 exd5 13. exd5 d6 14. c3 Nf6 15.
Rc1 Ng4 16. Bf2 Nxf2 17. Rxf2 O-O 18. Qc2 Rfe8 19. f5 Bf6 20. Rd1 c4 21. Kh1 Re5
22. Ng1 Rbe8 23. Re2 Qd7 24. Rde1 Kf8 25. g4 g5 26. Qd2 h6 27. Nf3 Rxe2 28. Rxe2
Rxe2 29. Qxe2 Bxd5 30. h3 Qb7 31. Kg1 Bd8 32. Kf1 f6 33. Nd4 Bxg2+ 34. Qxg2
Qxg2+ 35. Kxg2 Kf7 36. Kf3 Bb6 37. Ke4 Ke7 38. Kd5 Bxd4 39. Kxd4 a5 40. a3 a4
41. Kd5 Kd7 42. Kd4 Kc6 43. Ke4 Kc5 44. Ke3 Kd5 45. Kf3 Ke5 46. Ke3 d5 47. Kf3
d4 48. cxd4+ Kxd4 49. Ke2 c3 50. bxc3+ Kxc3 51. Kd1 Kb3 52. Kc1 Kxa3 53. Kb1 Kb3
54. Ka1 b4 55. Kb1 a3 56. Ka1 Kc3 57. Kb1 Kd3 {White resigns} 0-1

[Event "Team 45 45 League T85"]
[Site "Internet Chess Club"]
[Date "2020.07.08"]
[Round "2"]
[White "oldprez1"]
[Black "gregorgg"]
[Result "1/2-1/2"]
[WhiteElo "1248"]
[BlackElo "1300"]
[Opening "Sicilian: dragon variation"]
[ECO "B70"]
[Time "15:02:35"]
[TimeControl "2700+45"]

1. e4 c5 2. Nf3 d6 3. d4 cxd4 4. Nxd4 Nf6 5. Nc3 g6 6. Bc4 Bg7 7. O-O a6 8. Re1
b5 9. Be2 O-O 10. Bf3 e5 11. Nde2 Bb7 12. Bg5 Qd7 13. Bxf6 Bxf6 14. Nd5 Bd8 15.
b3 Nc6 16. a3 Kg7 17. c4 bxc4 18. bxc4 Ne7 19. Nec3 Rc8 20. Bg4 f5 21. exf5 Nxf5
22. Rb1 Rxc4 23. f3 Rd4 24. Qb3 Qc6 25. Qxb7+ Qxb7 26. Rxb7+ Kg8 27. Bxf5 Rxf5
28. Rb8 Rf8 29. Rb7 Bg5 30. Ne7+ Kh8 31. Ncd5 Re8 32. Reb1 e4 33. fxe4 Rxe4 34.
Rb8 Rxb8 35. Rxb8+ Kg7 36. Rb7 Kf7 37. Nc6+ Ke6 38. Ndb4 Be3+ 39. Kf1 d5 40.
Re7+ Kf5 41. Rxe4 Kxe4 42. Nxa6 d4 43. Nc5+ Kd5 44. Nxd4 Bxd4 45. Nd3 Ke4 46.
Ke2 g5 47. a4 Bb6 48. h3 h5 49. Ne1 Kf4 50. Nf3 g4 51. hxg4 hxg4 52. Nd2 Kg3 53.
Kf1 Ba5 54. Nc4 Bc7 55. a5 Bb8 56. a6 Kh2 57. Na5 Ba7 58. Nc6 Bb6 59. Ne5 g3 60.
Nf3+ Kh1 61. Ne5 Bd4 62. Nc6 Bb6 63. a7 Bxa7 64. Nxa7 Kh2 65. Nc6 Kh1 66. Nd4
Kh2 67. Ne2 Kh1 68. Nxg3+ Kh2 69. Kf2 {Black stalemated} 1/2-1/2

[Event "Team 45 45 League T85"]
[Site "Internet Chess Club"]
[Date "2020.07.10"]
[Round "2"]
[White "PsyMar"]
[Black "OGO"]
[Result "1-0"]
[WhiteElo "1271"]
[BlackElo "1177"]
[Opening "Scotch game"]
[ECO "C45"]
[Time "15:28:17"]
[TimeControl "2700+45"]

1. e4 e5 2. Nf3 Nc6 3. d4 exd4 4. Nxd4 Bc5 5. Be3 Nxd4 6. Bxd4 Bxd4 7. Qxd4 Nf6
8. e5 Qe7 9. Be2 c5 10. Qc3 Nd5 11. Qg3 O-O 12. Na3 d6 13. exd6 Qf6 14. O-O-O
Be6 15. Rhe1 Nb4 16. c3 Nxa2+ 17. Kb1 Bb3 18. Rd2 Qg6+ 19. Qxg6 fxg6 20. Bc4+
Bxc4 21. Nxc4 b5 22. Ne5 Nxc3+ 23. bxc3 {Black resigns} 1-0

[Event "Team 45 45 League T85"]
[Site "Internet Chess Club"]
[Date "2020.07.13"]
[Round "2"]
[White "zugknightly"]
[Black "rookmaster23"]
[Result "1/2-1/2"]
[WhiteElo "1631"]
[BlackElo "1670"]
[Opening "Grünfeld: exchange, Spassky variation"]
[ECO "D87"]
[Time "20:02:29"]
[TimeControl "2700+45"]

1. c4 Nf6 2. d4 g6 3. Nc3 d5 4. cxd5 Nxd5 5. e4 Nxc3 6. bxc3 Bg7 7. Bc4 O-O 8.
Ne2 c5 9. Be3 Nc6 10. O-O e6 11. Rc1 cxd4 12. cxd4 Na5 13. Bd3 b6 14. Qd2 Bb7
15. f3 Qd7 16. Rc2 Nc6 17. Bb5 a6 18. Bxc6 Bxc6 19. Rfc1 Rac8 20. Nf4 Bb7 21.
Rxc8 Rxc8 22. Rxc8+ Qxc8 23. d5 exd5 24. Nxd5 Bxd5 25. Qxd5 h5 26. g3 {Game
drawn by mutual agreement} 1/2-1/2

[Event "Team 45 45 League T85"]
[Site "Internet Chess Club"]
[Date "2020.07.11"]
[Round "2"]
[White "sburreus09"]
[Black "scostanzo212"]
[Result "0-1"]
[WhiteElo "1540"]
[BlackElo "1570"]
[Opening "QGD Slav: Slav gambit"]
[ECO "D15"]
[Time "20:07:42"]
[TimeControl "2700+45"]

1. d4 d5 2. c4 c6 3. Nf3 Nf6 4. Nc3 dxc4 5. e4 b5 6. Bg5 Qc7 7. Qc2 Nfd7 8. d5
a6 9. Be2 Bb7 10. a3 g6 11. Rd1 Bg7 12. Bxe7 cxd5 13. exd5 Qb6 14. d6 Nf6 15.
O-O Nc6 16. Bxf6 Bxf6 17. Nd5 Qd8 18. Nc7+ Kf8 19. Nxa8 Bxa8 20. Rfe1 Kg7 21.
Bf1 Qd7 22. h4 h5 23. g3 Qb7 24. Bg2 Ne5 25. Rxe5 Bxe5 26. d7 Rd8 27. Ne1 Qb8
28. b4 Bxg2 29. Nxg2 Qb7 30. Qe2 Bf6 31. Qe8 Qc6 32. Qe2 Rxd7 33. Rc1 Qd6 34.
Ne3 Qd3 35. Qa2 Qd2 36. Rc2 Qd4 37. a4 Qa1+ 38. Qxa1 Bxa1 39. axb5 axb5 40. Kf1
Rd3 41. Ke2 Kf6 42. g4 hxg4 43. Nxg4+ Ke6 44. Ne3 Bc3 45. Nd1 Bxb4 46. f3 Be7
47. Rb2 b4 48. Rc2 Kd5 49. Rxc4 Rxd1 50. Kxd1 Kxc4 51. Kc2 b3+ 52. Kb1 Bxh4 53.
f4 Bg3 54. f5 gxf5 55. Kb2 f4 56. Kb1 f3 57. Kb2 f2 58. Kb1 f1=Q+ 59. Kb2 Be5+
{White resigns} 0-1

[Event "Team 45 45 League T85"]
[Site "Internet Chess Club"]
[Date "2020.07.11"]
[Round "2"]
[White "Kingofknights"]
[Black "tryanything"]
[Result "1-0"]
[WhiteElo "1526"]
[BlackElo "1525"]
[Opening "Budapest: Rubinstein variation"]
[ECO "A52"]
[Time "18:50:07"]
[TimeControl "2700+45"]

1. d4 Nf6 2. c4 e5 3. dxe5 Ng4 4. Bf4 Bc5 5. e3 Nc6 6. Nf3 Qe7 7. a3 a5 8. Nc3
d6 9. Nd5 Qd8 10. Bg5 f6 11. exf6 Nxf6 12. Qc2 O-O 13. Nxf6+ Rxf6 14. O-O-O Qf8
15. Bxf6 Qxf6 16. Nd4 Nxd4 17. exd4 Bxd4 18. Bd3 g6 19. h4 Bxf2 20. h5 Bf5 21.
hxg6 Bxg6 22. Bxg6 Qxg6 23. Qxf2 {Black resigns} 1-0

[Event "Team 45 45 League T85"]
[Site "Internet Chess Club"]
[Date "2020.07.09"]
[Round "2"]
[White "clarinetref"]
[Black "tightfist"]
[Result "1/2-1/2"]
[WhiteElo "1430"]
[BlackElo "1525"]
[Opening "Réti opening"]
[ECO "A05"]
[Time "15:32:21"]
[TimeControl "2700+45"]

1. Nf3 Nf6 2. g3 e6 3. Bg2 Be7 4. c4 O-O 5. O-O d5 6. cxd5 exd5 7. d4 c6 8. Nc3
Bf5 9. Re1 Nbd7 10. Qb3 Qb6 11. Qxb6 Nxb6 12. Nh4 Be6 13. Nf3 Rfe8 14. Bf4 Rac8
15. Rac1 Bb4 16. a3 Bxc3 17. Rxc3 Ne4 18. Rc2 Nc4 19. Ng5 Nxg5 20. Bxg5 Bf5 21.
e4 h6 22. Bc1 Nd6 23. Rce2 dxe4 24. Bf4 Re6 25. Bxd6 Rxd6 26. Bxe4 Bxe4 27. Rxe4
Kf8 28. Re7 Rb8 29. Rc7 Re6 30. Re5 Rxe5 31. dxe5 a5 32. f4 g6 33. Kf2 h5 34.
Kf3 Ke8 35. g4 hxg4+ 36. Kxg4 b5 37. b3 Rb6 38. Kg5 c5 39. Rxc5 Ke7 40. Kh6 Ke6
41. Kg7 Rb7 42. Rc6+ Ke7 43. Rf6 Ke8 44. h4 a4 45. b4 Rd7 46. Rb6 Rd3 47. Rb8+
Ke7 48. Rb7+ Ke6 49. Rxf7 Rxa3 50. Rf6+ Ke7 51. Ra6 Rh3 52. Kxg6 Rxh4 53. Kg5
Rh1 54. Ra5 Ra1 55. Rxb5 a3 56. Ra5 a2 57. Kf5 Kd7 58. e6+ Ke7 59. Ra7+ Kd6 60.
Kf6 Rf1 61. Ra6+ Kd5 62. Rxa2 Rxf4+ 63. Ke7 Rxb4 64. Rd2+ Ke5 65. Re2+ Kd5 66.
Rd2+ Ke5 67. Rd7 Rb6 68. Kf7 Rxe6 69. Re7 Rxe7+ 70. Kxe7 {Game drawn because
neither player has mating material} 1/2-1/2

[Event "Team 45 45 League T85"]
[Site "Internet Chess Club"]
[Date "2020.07.08"]
[Round "2"]
[White "Portola"]
[Black "LuFran"]
[Result "1-0"]
[WhiteElo "1716"]
[BlackElo "1749"]
[Opening "Queen's pawn"]
[ECO "A40"]
[Time "18:01:04"]
[TimeControl "2700+45"]

1. d4 e6 2. Nf3 f5 3. Bf4 Nf6 4. c3 b6 5. h3 Bb7 6. Nbd2 Be7 7. e3 O-O 8. Be2
Ne4 9. Nxe4 fxe4 10. Nd2 Bg5 11. Bg3 d5 12. Bg4 Bc8 13. Qb3 Nc6 14. a3 Ne7 15.
c4 c6 16. cxd5 exd5 17. Bxc8 Rxc8 18. Nxe4 Nf5 19. O-O Nxg3 20. Nxg3 Kh8 21. Ne2
Qe7 22. Rac1 Qf7 23. Ng3 c5 24. dxc5 bxc5 25. Rcd1 d4 26. Qxf7 Rxf7 27. exd4
cxd4 28. Ne4 Be7 29. Rxd4 Rc2 30. Rd7 Kg8 31. Rxa7 Rxb2 32. a4 Re2 33. Nc3 Rexf2
34. Rxf2 Rxf2 35. Rxe7 {Black resigns} 1-0

[Event "Team 45 45 League T85"]
[Site "Internet Chess Club"]
[Date "2020.07.11"]
[Round "2"]
[White "julesraider"]
[Black "justice02"]
[Result "1/2-1/2"]
[WhiteElo "1577"]
[BlackElo "1559"]
[Opening "QGD Slav: 3.Nf3"]
[ECO "D11"]
[Time "20:03:11"]
[TimeControl "2700+45"]

1. d4 d5 2. c4 c6 3. Nf3 a6 4. e3 Nf6 5. Bd3 g6 6. Nc3 Bg7 7. Bd2 Bg4 8. h3 dxc4
9. Bxc4 Bxf3 10. Qxf3 O-O 11. Rd1 Nbd7 12. O-O e5 13. Bc1 exd4 14. exd4 Nb6 15.
Bb3 Nbd5 16. Bg5 Qd6 17. Rfe1 Nxc3 18. bxc3 Rfe8 19. Bf4 Rxe1+ 20. Rxe1 Qd7 21.
g4 Re8 22. Rxe8+ Qxe8 23. Bd6 Nd5 24. Kg2 Qe6 25. Ba3 Qd7 26. Qg3 Nc7 27. Qf4 b6
28. Kf1 h6 29. Qe4 Nb5 30. Bb2 g5 31. a4 Nd6 32. Qf3 b5 33. axb5 axb5 34. Ba3
Nc4 35. Bxc4 bxc4 36. Qg3 Kh7 37. Qe3 Qd5 38. f3 f5 39. Kf2 Qd7 40. Qe2 Qa7 41.
Bc5 Qf7 42. Qc2 Kg6 43. Kg3 h5 44. gxh5+ Kxh5 45. Kg2 Qd5 46. Kg3 Be5+ 47. Kg2
Bf4 48. Qe2 Qd7 49. Qe7 Qxe7 50. Bxe7 Bd2 51. Bb4 Kh4 52. Kh2 g4 53. hxg4 fxg4
54. fxg4 Kxg4 55. Kg2 Kf4 56. Kf2 Ke4 57. Ke2 Bf4 58. Bc5 Kd5 59. Bb6 Bd6 60.
Ke3 Ba3 61. Ba5 c5 62. dxc5 Kxc5 63. Kd2 Kb5 64. Bd8 Bc5 65. Kc2 Be3 66. Bf6 Kc6
67. Bg7 Kd5 {Game drawn by mutual agreement} 1/2-1/2

[Event "Team 45 45 League T85"]
[Site "Internet Chess Club"]
[Date "2020.07.13"]
[Round "2"]
[White "cap78red"]
[Black "olivermx"]
[Result "1/2-1/2"]
[WhiteElo "1513"]
[BlackElo "1336"]
[Opening "English: three knights system"]
[ECO "A27"]
[Time "16:01:20"]
[TimeControl "2700+45"]

1. c4 e5 2. Nc3 Nc6 3. Nf3 g6 4. e4 Bg7 5. g3 d6 6. Bg2 Nge7 7. d3 O-O 8. O-O f5
9. Nh4 f4 10. gxf4 exf4 11. Nf3 Be6 12. Nd5 Nd4 13. Nxd4 Bxd4 14. Nxf4 Bd7 15.
Ne2 Bg7 16. Kh1 Nc6 17. f4 Qh4 18. Be3 a6 19. Ng3 Bh6 20. Qd2 Ne7 21. Rf3 Rf7
22. Raf1 Raf8 23. R3f2 Bc8 24. f5 Bxe3 25. Qxe3 gxf5 26. exf5 Nxf5 27. Nxf5 Rxf5
28. Bd5+ Kh8 29. Rxf5 Bxf5 30. Rg1 Bg6 31. Qg5 Qxg5 32. Rxg5 Bxd3 33. Bxb7 Bxc4
34. b3 Bd3 35. Ra5 Rd8 36. b4 Bc4 37. Bxa6 Bxa6 38. Rxa6 Rb8 39. a3 Rb7 40. Kg2
c5 41. Rxd6 cxb4 42. axb4 Rxb4 43. Rd7 Rg4+ 44. Kf3 Rh4 45. Kg3 Rh6 46. h4 Rg6+
47. Kf4 Rh6 48. Kg5 Rg6+ 49. Kf5 Rh6 50. Kg5 Rg6+ 51. Kh5 Re6 {Game drawn by
mutual agreement} 1/2-1/2

[Event "Team 45 45 League T85"]
[Site "Internet Chess Club"]
[Date "2020.07.13"]
[Round "2"]
[White "MartyJR"]
[Black "nosir"]
[Result "1-0"]
[WhiteElo "1630"]
[BlackElo "1415"]
[Opening "QGD Slav: exchange variation"]
[ECO "D10"]
[Time "21:00:13"]
[TimeControl "2700+45"]

1. d4 d5 2. c4 c6 3. Nc3 Nf6 4. e3 Bf5 5. cxd5 cxd5 6. Nf3 a6 7. Qb3 b5 8. Be2
e6 9. O-O Be7 10. Bd2 O-O 11. Ne5 Ne4 12. Qd1 Nxd2 13. Qxd2 f6 14. Nf3 Bd6 15.
Bd3 Be4 16. Bxe4 dxe4 17. Nxe4 Be7 18. Rfc1 Ra7 19. Qc2 Bd6 20. Nxd6 Qxd6 21.
Qc5 Rd7 22. Nd2 Rfd8 23. Ne4 Qf8 24. Qxf8+ Kxf8 25. Nc5 Re7 26. a4 bxa4 27. Rxa4
Rd6 28. Rac4 f5 29. Nd3 Nd7 30. Rc8+ Kf7 31. R8c6 Rxc6 32. Rxc6 Nb8 33. Rb6 Re8
34. Nc5 Rc8 35. g3 a5 36. Nxe6 h6 37. Nc5 Ke8 38. Rb7 Kf8 39. Ne6+ Kg8 40. Rxg7+
Kh8 41. Ra7 Nc6 42. Ra6 Nb4 43. Rxa5 Rc2 44. Rxf5 Rxb2 45. Rf8+ Kh7 46. Nc5 Rb1+
47. Kg2 Nd5 48. Rf7+ Kg6 49. Rd7 Nc3 50. Rb7 Rc1 51. Nd3 Rd1 52. Ne5+ Kf5 53.
Kf3 h5 54. Rf7+ Kg5 55. h4+ Kh6 56. Rf6+ Kg7 57. Rc6 Nd5 58. Ke4 Ne7 59. Rc7 Kf6
60. Rc5 Ke6 61. Nf3 Ng8 62. Ng5+ Ke7 63. Ke5 Rf1 64. Rc7+ Kd8 65. Rf7 Nh6 66.
Rf8+ Ke7 67. Rh8 Ng4+ 68. Kd5 Rxf2 69. Rh7+ Ke8 70. Kd6 Rf6+ 71. Kc7 Nxe3 72.
Rxh5 Nf5 73. g4 Nxd4 74. Rh8+ Ke7 75. Rh7+ Kf8 76. Rh8+ Kg7 77. Rh7+ Kf8 78. Rd7
Rf4 79. Rxd4 Rxd4 80. Ne6+ Ke7 81. Nxd4 Kf6 82. g5+ Kg6 83. Ne6 Kf7 84. Kd7 Kg6
85. Ke7 Kh7 86. h5 Kg8 87. Nf4 Kg7 88. g6 Kg8 89. Kf6 Kh8 90. h6 Kg8 91. Kg5 Kh8
92. h7 Kg7 93. Nh5+ Kh8 94. Nf6 Kg7 95. Ne8+ Kh8 96. g7+ Kxh7 97. Kf6 Kg8 98.
Nd6 Kh7 99. Kf7 {Black resigns} 1-0

[Event "Team 45 45 League T85"]
[Site "Internet Chess Club"]
[Date "2020.07.13"]
[Round "2"]
[White "olivermx"]
[Black "Chess4Him"]
[Result "1-0"]
[WhiteElo "1357"]
[BlackElo "1434"]
[Opening "Robatsch defense: Pseudo-Austrian attack"]
[ECO "B06"]
[Time "21:00:25"]
[TimeControl "2700+45"]

1. e4 g6 2. d4 Bg7 3. Nc3 d6 4. f4 a6 5. Be3 b5 6. a3 Nd7 7. Bd3 Bb7 8. Qd2 e6
9. Nf3 Ngf6 10. h3 c5 11. e5 dxe5 12. dxe5 Nd5 13. Nxd5 Bxd5 14. O-O Qc7 15.
Rac1 c4 16. Be2 Nc5 17. Bxc5 Qxc5+ 18. Qd4 Qc6 19. c3 Bf8 20. Qf2 Bc5 21. Nd4
Qb6 22. Rcd1 O-O 23. Qh4 Qb7 24. Bf3 Bxf3 25. Rxf3 Rfd8 26. Kh1 Be7 27. Qh6 Bf8
28. Qh4 Be7 29. Qh6 Bf8 30. Qh4 Qe7 31. Qe1 Rd5 32. h4 h5 33. Rh3 Bh6 34. Qe4
Qd8 35. Qf3 Rc8 36. g4 hxg4 37. Qxg4 Bg7 38. h5 Qf8 39. hxg6 Rxd4 40. Rxd4 Re8
41. Rd7 Re7 42. gxf7+ Qxf7 43. Rxe7 Qxe7 44. Qg6 Qb7+ 45. Kh2 Qd5 46. Qe8+ Bf8
47. Rg3+ Kh7 48. Qg6+ Kh8 49. Qg8# {Black checkmated} 1-0

[Event "Team 45 45 League T85"]
[Site "Internet Chess Club"]
[Date "2020.07.11"]
[Round "2"]
[White "dpmdpm"]
[Black "MartyJR"]
[Result "1-0"]
[WhiteElo "1450"]
[BlackElo "1576"]
[Opening "Sicilian: Nimzovich-Rossolimo attack (with ...g6, without ...d6)"]
[ECO "B31"]
[Time "12:35:26"]
[TimeControl "2700+45"]

1. e4 c5 2. Nf3 Nc6 3. Bb5 g6 4. O-O Bg7 5. Bxc6 dxc6 6. e5 Bg4 7. Re1 Qc7 8. d4
cxd4 9. Qxd4 Bxf3 10. gxf3 Rd8 11. Qe4 e6 12. Nc3 Ne7 13. Bg5 O-O 14. Bf6 Rd2
15. Rad1 Rxd1 16. Rxd1 Rd8 17. Rxd8+ Qxd8 18. Bxg7 Kxg7 19. Qh4 Qd7 20. Qf6+ Kg8
21. Ne4 Nf5 22. c3 Qe7 23. Qxe7 Nxe7 24. Kf1 Kg7 25. Ke2 Nd5 26. Nd6 b6 27. Nc8
a5 28. c4 Nb4 29. a3 Nc2 30. Nxb6 Nd4+ 31. Ke3 Nf5+ 32. Ke4 Kh6 33. b4 axb4 34.
axb4 Ne7 35. b5 Kh5 36. Kd4 Kg5 37. Kc5 cxb5 38. cxb5 Kf5 39. Nc4 Nd5 40. Ne3+
Kxe5 41. Nxd5 exd5 42. b6 d4 43. b7 d3 44. b8=Q+ Kf6 45. Qd6+ {Black resigns}
1-0

[Event "Team 45 45 League T85"]
[Site "Internet Chess Club"]
[Date "2020.07.11"]
[Round "2"]
[White "Andaluz"]
[Black "Ostap-Bender"]
[Result "1/2-1/2"]
[WhiteElo "1358"]
[BlackElo "1308"]
[Opening "Sicilian defense"]
[ECO "B44"]
[Time "14:01:44"]
[TimeControl "2700+45"]

1. e4 c5 2. Nf3 e6 3. d4 cxd4 4. Nxd4 Nc6 5. c3 d5 6. exd5 Qxd5 7. Qf3 Qxf3 8.
Nxf3 Nf6 9. Bd3 Be7 10. Bf4 O-O 11. O-O Rd8 12. Bc2 b6 13. Nbd2 Bb7 14. h3 Rac8
15. Ne4 Nxe4 16. Bxe4 Bd6 17. Bxd6 Rxd6 18. Rfd1 Rcd8 19. Bc2 h6 20. Rxd6 Rxd6
21. Rd1 Rxd1+ 22. Bxd1 Kf8 23. Kf1 Ke7 24. Ke2 Kd6 25. Ke3 Ne5 26. Nxe5 Kxe5 27.
Bf3 Bxf3 28. Kxf3 g5 29. g4 f5 30. Ke3 fxg4 31. hxg4 Kd5 32. Kd3 Ke5 33. Ke3 Kd5
34. Kd3 Ke5 35. Ke3 {Game drawn by repetition} 1/2-1/2

[Event "Team 45 45 League T85"]
[Site "Internet Chess Club"]
[Date "2020.07.12"]
[Round "2"]
[White "stantheman59"]
[Black "oldbookseller"]
[Result "1-0"]
[WhiteElo "1255"]
[BlackElo "981"]
[Opening "QGD: 4.Bg5 Be7"]
[ECO "D53"]
[Time "09:31:54"]
[TimeControl "2700+45"]

1. d4 d5 2. c4 e6 3. Nc3 Nf6 4. Bg5 Be7 5. Nf3 O-O 6. Bxf6 Bxf6 7. e3 c6 8. Bd3
g6 9. O-O Nd7 10. Re1 e5 11. cxd5 e4 12. Bxe4 Bg5 13. dxc6 Nf6 14. cxb7 Bxb7 15.
Bxb7 Rb8 16. Nxg5 Rxb7 17. Qd2 Ng4 18. Nge4 Qh4 19. h3 f5 20. Nd6 Re7 21. hxg4
fxg4 22. Nde4 Rf5 23. Ng3 Ref7 24. Nxf5 Rxf5 25. Ne4 Rh5 26. Kf1 g3 27. Nxg3 Qh2
28. Nxh5 gxh5 29. e4 h4 30. Qg5+ Kh8 31. Rac1 Qh1+ 32. Ke2 Qh2 33. Rc8# {Black
checkmated} 1-0

[Event "Team 45 45 League T85"]
[Site "Internet Chess Club"]
[Date "2020.07.09"]
[Round "2"]
[White "stanbeers"]
[Black "Gojira"]
[Result "0-1"]
[WhiteElo "1406"]
[BlackElo "1596"]
[Opening "Queen's pawn game"]
[ECO "D02"]
[Time "20:02:02"]
[TimeControl "2700+45"]

1. Nf3 d5 2. d4 c6 3. Bf4 Nf6 4. Nbd2 Bf5 5. h3 h6 6. e3 e6 7. Nb3 Bd6 8. Bxd6
Qxd6 9. Bd3 Ne4 10. Qe2 a5 11. O-O O-O 12. c3 Nd7 13. Bxe4 dxe4 14. Nh4 Bh7 15.
g3 f5 16. Ng2 Rf7 17. Rfe1 Kh8 18. Rac1 Nf6 19. Nd2 b5 20. a3 Rc7 21. Nb3 Nd7
22. Nf4 a4 23. Nc5 Re8 24. Qh5 Nf6 25. Qe2 e5 26. Ng2 Bg8 27. Nh4 Bh7 28. Ng2
Nd7 29. Na6 Ra7 30. Nb4 Bg8 31. Nh4 g6 32. Red1 Qf6 33. Qd2 Bb3 34. Re1 c5 35.
dxc5 Nxc5 36. Qe2 Bc4 37. Qc2 g5 38. Ng2 Bd3 39. Nxd3 Nxd3 40. Red1 Nxc1 41.
Qxc1 Rd8 42. Ne1 Rad7 43. Rxd7 Rxd7 44. Nc2 Qd6 45. Kg2 Kg7 46. Nb4 Qd1 47. Qxd1
Rxd1 48. Nc6 Kf6 49. Na5 Rb1 50. Nc6 Rxb2 51. Nb4 Rb3 52. Nd5+ Ke6 53. Nc7+ Kd7
54. Nd5 Rxa3 {White resigns} 0-1